 Dungeon Crawl Stone Soup version 0.21-a0-349-g0c35859 (webtiles) character file.

81 Hocus the Poker (level 4, -2/33 HPs)
             Began as a Merfolk Skald on Oct 8, 2017.
             Slain by an orc priest
             ... wielding a +0 falchion
              (6 damage)
             ... on level 3 of the Dungeon.
             The game lasted 00:08:13 (2386 turns).

Hocus the Poker (Merfolk Skald)                     Turns: 2386, Time: 00:08:14

Health: -2/33      AC:  4    Str: 11    XL:     4   Next: 42%
Magic:  2/7        EV: 12    Int: 12    God:
Gold:   145        SH:  0    Dex: 14    Spells: 1/7 levels left

rFire    . . .     SeeInvis .   h - -3 spear (curse)
rCold    . . .     Gourm    .   (no shield)
rNeg     . . .     Faith    .   b - +1 leather armour
rPois    .         Spirit   .   (no helmet)
rElec    .         Reflect  .   (no cloak)
rCorr    .         Harm     .   (no gloves)
MR       .....                  (no boots)
Stlth    +.........             (no amulet)
HPRegen  0.11/turn              j - ring of flight
MPRegen  0.10/turn              (no ring)

@: singing (expiring)
A: change form in water, swift swim, stealthy swim
a: Evoke Flight


You were on level 3 of the Dungeon.
You were not hungry.

You visited 1 branch of the dungeon, and saw 3 of its levels.

You collected 145 gold pieces.

Inventory:

Hand Weapons
 a - a +0 spear
 h - a cursed -3 spear (weapon)
Armour
 b - a +1 leather armour (worn)
Jewellery
 j - a ring of flight (left hand)
Scrolls
 e - a scroll of fog
Potions
 f - 2 potions of resistance
Books
 c - a book of Battle

   Spells                             Type                      Level
   a - Infusion                       Charms                       1
   b - Shroud of Golubria             Charms/Translocation         2
   c - Song of Slaying                Charms                       2
   d - Spectral Weapon                Hexes/Charms                 3
   e - Regeneration                   Charms/Necromancy            3
Comestibles
 d - a bread ration
 g - a royal jelly
 i - a meat ration


   Skills:
 - Level 2.1 Fighting
 + Level 5.1 Polearms
 - Level 0.6 Armour
 - Level 2.6 Dodging
 - Level 2.0 Spellcasting
 + Level 4.6 Charms


You had one spell level left.
You knew the following spells:

 Your Spells              Type           Power        Failure   Level  Hunger
a - Infusion              Chrm           ##..         5%          1    ##.....
b - Song of Slaying       Chrm           ##......     9%          2    ###....
c - Regeneration          Chrm/Necr      #.........   38%         3    ####...


Dungeon Overview and Level Annotations

Branches:
Dungeon (3/15)

Altars:

Annotations:
D:3 RedSky's ghost, amateur DsGl


Message History

The orc priest mumbles some strange prayers to Beogh against you.
Pain shoots through your body!
You hit the orc priest.
The orc priest is moderately wounded.
Your song is almost over.
The orc barely misses you.
The orc priest hits you with a falchion.
* * * LOW HITPOINT WARNING * * *
You barely miss the orc priest.
The orc priest is moderately wounded.
The orc hits you but does no damage.
You barely miss the orc priest.
The orc priest is moderately wounded.
The orc priest hits you with a falchion.
* * * LOW HITPOINT WARNING * * *
You barely miss the orc priest.
The orc priest is moderately wounded.
The orc hits you but does no damage.
The orc priest hits you with a falchion.
You die...

........###..#..#
...........######
...###.......# .
#.#####.# o #.##
.o. #..######...o.
##.##.........
#####...oo#####...
#......)..@#
...###.....# #
.........#
####.....# #.....#
#.....# #######


You could see an orc priest and an orc.

Vanquished Creatures
  2 adders (D:2)
  A worm (D:2)
  2 leopard geckos (D:2)
  3 orcs (D:3)
  3 giant cockroaches
  4 goblins
  5 hobgoblins
  3 jackals (D:2)
  3 quokkas (D:2)
  A ball python (D:2)
  4 bats
  3 frilled lizards
  14 kobolds
  5 rats
53 creatures vanquished.

Vanquished Creatures (others)
  2 plants (D:2)
2 creatures vanquished.

Grand Total: 55 creatures vanquished

Notes
Turn   | Place    | Note
-------+----------+-------------------------------------------
     0 | D:1      | Hocus the Merfolk Skald began the quest for the Orb.
     0 | D:1      | Reached XP level 1. HP: 16/16 MP: 3/3
   130 | D:1      | Reached XP level 2. HP: 18/22 MP: 5/5
   384 | D:1      | Learned a level 2 spell: Song of Slaying
   665 | D:2      | Reached skill level 4 in Polearms
   677 | D:2      | Reached XP level 3. HP: 18/27 MP: 0/6
   897 | D:2      | Learned a level 3 spell: Regeneration
  1049 | D:2      | Reached XP level 4. HP: 24/33 MP: 0/7
  1737 | D:2      | Found a runed door.
  1743 | D:2      | Noticed Crazy Yiuf
  2078 | D:3      | Noticed RedSky's ghost (amateur DsGl)
  2124 | D:3      | Noticed a centaur
  2208 | D:3      | Reached skill level 5 in Polearms
  2386 | D:3      | Slain by an orc priest

Vault maps used:
D:1:      erik_arrival_triangle_small, minivault_4
D:2:      lexackson_kobold_supper, uniq_crazy_yiuf_cottage
D:3:      lemuel_blue_sif_altar

Skill      XL: |  1  2  3  4 |
---------------+-------------+-----
Polearms       | 4 5 |  5.1
Charms         | 4 |  4.6
Fighting       | |  2.1
Armour         | |  0.6
Dodging        | |  2.6
Spellcasting   | |  2.0

Action                   |  1- 3 |  4- 6 || total
-------------------------+-------+-------++-------
Melee: Spear             |   135 |   143 ||   278
 Cast: Infusion          |     3 |     4 ||     7
       Song of Slaying   |     2 |     2 ||     4
  Use: Potion            |     2 |     1 ||     3
       Scroll            |       |     5 ||     5
 Stab: Sleeping          |     1 |     1 ||     2
  Eat: Chunk             |     1 |     2 ||     3
       Bread ration      |       |     1 ||     1
Armor: Leather armour    |    23 |    20 ||    43
Dodge: Dodged            |    74 |    76 ||   150

Table legend:
 A = Spawn XP
 B = Non-spawn XP
 C = Spawn XP percentage of total XP
 D = Spawn monster count
 E = Non-spawn monster count
 F = Spawn count percentage of total count
 G = Total turns spent on level
                    A         B        C        D         E        F      G
               +---------+---------+-------+---------+---------+-------+---------
         Total |       0 |     117 |   0.0 |       0 |      53 |   0.0 |  2386
               +---------+---------+-------+---------+---------+-------+---------
           D:1 |       0 |      27 |   0.0 |       0 |      18 |   0.0 |   655
           D:2 |       0 |      73 |   0.0 |       0 |      27 |   0.0 |  1531
           D:3 |       0 |      17 |   0.0 |       0 |       8 |   0.0 |   200
               +---------+---------+-------+---------+---------+-------+---------
